 Dungeon Crawl Stone Soup version 0.29.1-15-g9cfb28693d (webtiles) character file.

Game seed: 17816707490449011855

280 zeram the Caller (level 6, 0/44 HPs)
             Began as a Gnoll Summoner on Mar 5, 2023.
             Was an Initiate of Gozag.
             Slain by an iguana (9 damage)
             ... on level 4 of the Dungeon.
             The game lasted 00:08:07 (4284 turns).

zeram the Caller (Gnoll Summoner)                   Turns: 4284, Time: 00:08:09

Health: 0/44       AC:  2    Str:  7    XL:     6   Next: 27%
Magic:  11/14      EV: 13    Int: 17    God:    Gozag
Gold:   279        SH:  0    Dex: 12    Spells: 5/15 levels left

rFire   . . .      SeeInvis .   n - +4 short sword
rCold   . . .      Faith    .   (no shield)
rNeg    . . .      Spirit   .   a - +0 robe
rPois   .          Reflect  .   (no helmet)
rElec   .          Harm     .   (no cloak)
rCorr   .          Rampage  .   (no gloves)
Will    .....                   (no boots)
Stlth   +++.......              (no amulet)
HPRegen 0.14/turn               (no ring)
MPRegen 0.14/turn               (no ring)

@: no status effects
A: fangs 1, strong nose, distributed training
a: Renounce Religion, Potion Petition, Call Merchant, Bribe Branch


You were on level 4 of the Dungeon.
You worshipped Gozag.
Gozag was aware of your devotion.
You visited 1 branch of the dungeon, and saw 4 of its levels.

You collected 325 gold pieces.
You paid 46 gold pieces to Gozag.

Inventory:

Hand Weapons
 c - a +0 trident
 d - a +2 whip of draining
 n - a +4 short sword (weapon)
Armour
 a - a +0 robe (worn)
Scrolls
 e - a scroll of teleportation
 f - a scroll of identify
 i - a scroll of poison
 k - 2 scrolls of enchant armour
Potions
 b - a potion of magic
 g - a potion of degeneration
 h - a potion of curing
 j - 2 potions of haste


   Skills:
 + Level 2.0 Fighting
 + Level 2.0 Short Blades
 + Level 2.0 Long Blades
 + Level 2.0 Axes
 + Level 2.0 Maces & Flails
 + Level 2.0 Polearms
 + Level 2.0 Staves
 + Level 2.0 Ranged Weapons
 + Level 2.0 Throwing
 + Level 2.0 Armour
 + Level 5.0 Dodging
 + Level 4.6 Stealth
 + Level 2.0 Shields
 + Level 2.0 Unarmed Combat
 + Level 5.3 Spellcasting
 + Level 1.5 Conjurations
 + Level 1.5 Hexes
 + Level 7.3 Summonings
 + Level 1.5 Necromancy
 + Level 1.5 Translocations
 + Level 1.5 Transmutations
 + Level 1.5 Fire Magic
 + Level 1.5 Ice Magic
 + Level 1.5 Air Magic
 + Level 1.5 Earth Magic
 + Level 1.5 Poison Magic
 + Level 2.1 Invocations
 + Level 2.0 Evocations


You had 5 spell levels left.
You knew the following spells:

 Your Spells              Type           Power      Damage    Failure   Level
a - Summon Small Mammal   Summ           100%       N/A       1%          1
b - Call Imp              Summ           29%        N/A       1%          2
c - Call Canine Familiar  Summ           29%        N/A       1%          3
d - Summon Lightning Spi  Summ/Air       19%        N/A       22%         4

Your spell library contained the following spells:

 Spells                   Type           Power      Damage    Failure   Level
 Summon Guardian Golem    Hex/Summ       19%        N/A       7%          3
 Tukima's Dance           Hex            9%         N/A       22%         3
 Passage of Golubria      Tloc           9%         N/A       58%         4
 Yara's Violent Unravell  Hex/Tmut       4%         3d4       90%         5


Dungeon Overview and Level Annotations

Branches:
Dungeon (4/15)             Temple (0/1) D:4

Altars:
Gozag
Kikubaaqudgha
Sif Muna
Vehumet

Shops:
D:3 (


Innate Abilities, Weirdness & Mutations

You have very sharp teeth.
Your uncanny sense of smell can sniff out nearby items.
Your experience applies equally to all skills.


Message History

The kobold hits you with a +0 dagger. The iguana bites you.
Unknown command.
You closely miss the iguana. The kobold hits you but does no damage.
The iguana bites you.
You hit the iguana. Your bite misses the iguana.
The iguana is lightly wounded.
The kobold hits you with a +0 dagger. The iguana closely misses you.
Unknown command.
You hit the iguana.
The iguana is lightly wounded.
The kobold hits you but does no damage. The iguana misses you.
Casting: Call Imp (safe; 1% risk of failure)
Confirm with . or Enter, or press ? or * to list all spells.
The kobold hits you with a +0 dagger. The iguana bites you!
Your crimson imp blinks!
Unknown command.
You hit the iguana. You bite the iguana.
The iguana is heavily wounded.
The kobold closely misses you. The iguana misses you.
Your crimson imp hits the kobold.
Unknown command.
You barely miss the iguana.
The iguana is heavily wounded.
The kobold completely misses your crimson imp.
The iguana closely misses you.
Your crimson imp hits the kobold but does no damage.
You hit the iguana but do no damage.
The iguana is heavily wounded.
Your quokka closely misses the iguana.
The kobold hits your crimson imp but does no damage.
The iguana bites you!
* * * LOW HITPOINT WARNING * * *
Your crimson imp completely misses the kobold.
You barely miss the iguana. You bite the iguana, but do no damage.
The iguana is heavily wounded.
Your quokka bites the iguana but does no damage.
The kobold completely misses your crimson imp.
The iguana bites you!
You die...
Your body crumbles into a pile of gold.

#.....# #.########
#.⌠.⌠.####.#
+..>..'....#
#.⌠.⌠.###..#
#.....# ##.#
###'######.#####
#####.##...>......
#..........<.r###
#.######...$.@lK#
#..##.#K.#
#....##..#5... $
#.##............
#.. #(.#.##.$..#.
#.. .....# .#..#
... ...... .....
... ..# #(.#


You could see an iguana (ally target), 2 kobolds, a friendly crimson imp
(summoned) and a friendly quokka (summoned).

Vanquished Creatures
  A hound (D:4)
  3 orc wizards (D:3)
  5 adders
  2 worms
  3 dart slugs
  6 orcs (D:3)
  3 bats
  4 endoplasms
  6 giant cockroaches
  3 goblins
  3 hobgoblins
  4 quokkas
  3 ball pythons
  3 frilled lizards
  5 kobolds
  3 rats
57 creatures vanquished.

Vanquished Creatures (collateral kills)
  An orc priest (D:3)
  An adder (D:2)
  4 orcs (D:3)
  An endoplasm (D:2)
  A giant cockroach (D:1)
  A goblin (D:1)
  2 jackals (D:2)
  2 quokkas
13 creatures vanquished.

Grand Total: 70 creatures vanquished

Notes
Turn   | Place    | Note
-------+----------+-------------------------------------------
     0 | D:1      | zeram the Gnoll Summoner began the quest for the Orb.
     0 | D:1      | Reached XP level 1. HP: 13/13 MP: 6/6
   383 | D:1      | Reached XP level 2. HP: 15/19 MP: 7/7
   386 | D:1      | Learned a level 2 spell: Call Imp
  1093 | D:1      | Reached skill level 5 in Spellcasting
  1093 | D:1      | Reached XP level 3. HP: 20/25 MP: 7/9
  1276 | D:2      | Identified the +0 scale mail "Halewkil" {Rampage rF+}
  1385 | D:2      | Reached skill level 1 in Invocations
  1612 | D:2      | Reached skill level 1 in Fighting
  1612 | D:2      | Reached skill level 1 in Short Blades
  1612 | D:2      | Reached skill level 1 in Long Blades
  1612 | D:2      | Reached skill level 1 in Axes
  1612 | D:2      | Reached skill level 1 in Maces & Flails
  1612 | D:2      | Reached skill level 1 in Polearms
  1612 | D:2      | Reached skill level 1 in Staves
  1612 | D:2      | Reached skill level 1 in Ranged Weapons
  1612 | D:2      | Reached skill level 1 in Throwing
  1612 | D:2      | Reached skill level 1 in Armour
  1612 | D:2      | Reached skill level 1 in Shields
  1612 | D:2      | Reached skill level 1 in Unarmed Combat
  1612 | D:2      | Reached skill level 1 in Evocations
  1616 | D:2      | Learned a level 3 spell: Call Canine Familiar
  1663 | D:2      | Found a faded altar of an unknown god.
  1865 | D:2      | Reached XP level 4. HP: 32/32 MP: 11/11
  1870 | D:2      | Learned a level 4 spell: Summon Lightning Spire
  2165 | D:3      | Reached skill level 1 in Conjurations
  2165 | D:3      | Reached skill level 1 in Hexes
  2165 | D:3      | Reached skill level 1 in Necromancy
  2165 | D:3      | Reached skill level 1 in Translocations
  2165 | D:3      | Reached skill level 1 in Transmutations
  2165 | D:3      | Reached skill level 1 in Fire Magic
  2165 | D:3      | Reached skill level 1 in Ice Magic
  2165 | D:3      | Reached skill level 1 in Air Magic
  2165 | D:3      | Reached skill level 1 in Earth Magic
  2165 | D:3      | Reached skill level 1 in Poison Magic
  2219 | D:3      | Found an opulent altar of Gozag.
  2288 | D:3      | Became a worshipper of Gozag Ym Sagoz the Greedy
  2335 | D:3      | Found Xemnomie's Antique Weapon Shoppe.
  2664 | D:3      | Reached XP level 5. HP: 18/37 MP: 12/12
  3099 | D:3      | Found a shimmering blue altar of Sif Muna.
  3111 | D:3      | Found an ancient bone altar of Kikubaaqudgha.
  3609 | D:3      | Found a radiant altar of Vehumet.
  3616 | D:3      | Reached XP level 6. HP: 38/44 MP: 14/14
  4105 | D:4      | Found a staircase to the Ecumenical Temple.
  4132 | D:4      | Reached skill level 5 in Dodging
  4284 | D:4      | Slain by an iguana

Illustrated notes

Levels and vault maps discovered:
D:1:      scummos_arrival_simple_fountains, layout_loops_corners
D:2:      layout_loops_ring, shapermc_ecumenical_altar_starsandcircs
D:3:      layout_loops_ring, palyth_temple_overflow_mages,
          nicolae_gozag_cash_rules_everything_around_me, serial_shops,
          nicolae_shop_overgrown_old_shop, nrook_loot_triangle
D:4:      layout_loops_ring, minmay_temple_entry_hall, chequers_mini_garden,
          hangedman_abyss_or_decor_lesser_grid, kennysheep_potato, uniq_edmund

Skill      XL: |  1  2  3  4  5  6 |
---------------+-------------------+-----
Spellcasting   | 5 |  5.3
Invocations    | 1 2 |  2.1
Fighting       | 1 2 |  2.0
Short Blades   | 1 2 |  2.0
Long Blades    | 1 2 |  2.0
Axes           | 1 2 |  2.0
Maces & Flails | 1 2 |  2.0
Polearms       | 1 2 |  2.0
Staves         | 1 2 |  2.0
Ranged Weapons | 1 2 |  2.0
Throwing       | 1 2 |  2.0
Armour         | 1 2 |  2.0
Shields        | 1 2 |  2.0
Unarmed Combat | 1 2 |  2.0
Evocations     | 1 2 |  2.0
Conjurations   | 1 |  1.5
Hexes          | 1 |  1.5
Necromancy     | 1 |  1.5
Translocations | 1 |  1.5
Transmutations | 1 |  1.5
Fire Magic     | 1 |  1.5
Ice Magic      | 1 |  1.5
Air Magic      | 1 |  1.5
Earth Magic    | 1 |  1.5
Poison Magic   | 1 |  1.5
Dodging        | 5 |  5.0
Stealth        | |  4.6
Summonings     | |  7.3

Action                   |  1- 3 |  4- 6 || total
-------------------------+-------+-------++-------
Melee: Trident           |    56 |       ||    56
       Unarmed           |     5 |       ||     5
       Bite              |     9 |    14 ||    23
       Punch             |     2 |       ||     2
       Whip              |    48 |    63 ||   111
       Short sword       |       |    58 ||    58
 Cast: Summon Small Mamm |     3 |     7 ||    10
       Call Imp          |     4 |     7 ||    11
  Use: Scroll            |     3 |     8 ||    11
 Stab: Sleeping          |    11 |     6 ||    17
       Distracted        |       |     3 ||     3
Armor: Robe              |    15 |     9 ||    24
Dodge: Dodged            |    84 |    66 ||   150
